 Dungeon Crawl Stone Soup version 0.17-a0-2215-g49c1de0 (webtiles) character file.

282 Espgualade the Skirmisher (level 6, -2/40 HPs)
             Began as a Tengu Ice Elementalist on Oct 27, 2015.
             Was an Initiate of Vehumet.
             Killed from afar by Natasha (5 damage)
             ... with a wand of frost
             ... on level 4 of the Dungeon.
             The game lasted 00:11:10 (4239 turns).

Espgualade the Skirmisher (Tengu Ice Elementalist)  Turns: 4239, Time: 00:11:10

Health: -2/40      AC:  3    Str:  8    XL:     6   Next: 28%
Magic:  9/10       EV: 14    Int: 18    God:    Vehumet [......]
Gold:   156        SH:  0    Dex: 14    Spells: 3 memorised, 3 levels left

rFire  . . .     SeeInvis .     f - +0 dagger (venom)
rCold  . . .     Clarity  .     a - +1 robe
rNeg   . . .     SustAt   .     (no shield)
rPois  .         Gourm    .     (helmet restricted)
rElec  .         Spirit   .     (no cloak)
rCorr  .         Warding  .     (no gloves)
rMut   .         Stasis   .     (boots unavailable)
MR     .....                    (no amulet)
Stlth  +++.......               (no ring)
                                n - ring of stealth

@: very slightly contaminated, not resistant to hostile enchantments, fairly
stealthy
A: beak, talons 3, able to fly 1
a: Fly, Renounce Religion


You were on level 4 of the Dungeon.
You worshipped Vehumet.
Vehumet was noncommittal.
You were not hungry.

You visited 2 branches of the dungeon, and saw 5 of its levels.

You collected 156 gold pieces.

Inventory:

Hand Weapons
 f - a +0 dagger of venom (weapon)
 i - a +5 dagger
Armour
 a - a +1 robe (worn)
Jewellery
 n - a ring of stealth (left hand)
Scrolls
 j - a scroll of remove curse
 k - 2 scrolls of enchant armour
 l - a scroll of fear
Potions
 d - a potion of lignification
 e - 4 potions of curing
 g - a potion of ambrosia {unknown}
 q - a potion of beneficial mutation {unknown}
 r - a potion of haste {unknown}
Books
 b - a book of Frost

   Spells                             Type                      Level
   a - Freeze                         Ice                          1
   b - Throw Frost                    Conjuration/Ice              2
   c - Ozocubu's Armour               Charms/Ice                   3
   d - Throw Icicle                   Conjuration/Ice              4
   e - Summon Ice Beast               Ice/Summoning                4
   f - Condensation Shield            Ice                          4
Comestibles
 c - a bread ration
 h - a meat ration
 m - a beef jerky
 o - 8 fruits


   Skills:
 - Level 5.1 Fighting
 + Level 4.0 Dodging
 - Level 2.0 Stealth
 - Level 2.0 Spellcasting
 - Level 1.3 Conjurations
 - Level 2.6 Ice Magic


You had 3 spell levels left.
You knew the following spells:

 Your Spells              Type           Power        Failure   Level  Hunger
a - Freeze                Ice            ##..         8%          1    #......
b - Throw Frost           Conj/Ice       #.....       12%         2    ###....
c - Ozocubu's Armour      Chrm/Ice       #.......     34%         3    ###....


Dungeon Overview and Level Annotations

Branches:
Dungeon (4/15)             Temple (1/1) D:4

Altars:
Ashenzari
Cheibriados
Dithmenos
Elyvilon
Fedhas
Gozag
Kikubaaqudgha
Makhleb
Nemelex Xobeh
Okawaru
Ru
Sif Muna
Trog
Vehumet
Xom
Yredelemnul
Zin

Annotations:
D:4 Natasha


Innate Abilities, Weirdness & Mutations

You have a beak for a mouth.
You have claws for feet.
You can fly.


Message History

The kobold is heavily wounded.
The kobold hits you.
You hit the kobold but do no damage. You claw the kobold, but do no damage.
The kobold is heavily wounded.
The kobold misses you.
You hit the kobold.
The kobold is poisoned.
The kobold is severely wounded.
You kill the kobold!
Vehumet accepts your kill.
Things that are here:
a club x2 a hobgoblin corpse Natasha zaps a wand.
The puff of frost hits you!
It is a wand of frost.
Natasha zaps a wand.
The puff of frost misses you.
Natasha zaps a wand.
The puff of frost hits you!
You closely miss Natasha.
Natasha zaps a wand.
The puff of frost hits you!
* * * LOW HITPOINT WARNING * * *
You hit Natasha but do no damage.
Natasha zaps a wand.
The puff of frost hits you!
You die...

#.>.....*,*,,.###,*,**,,,,,,* **
........,,*,,...,,*,,,,,,,,,*****
)#...>.,,,,,,#..,,,,,,,,,,,,,,,,,
.#,....,,**,*#.########***,,****,
.#,,...,,,,,*#.#)(#...#,,*,,+,,*,
.#**##########.#.(#...#,,*,,*,,*,
.#*,.........#)#'##g(.#+**.,****,
.#*,########.#..h.##'##....,,,,,,
..,,* ###....@.......8...,,,,,
##########................##****#
# #.........##..####..#####,,+,,#
###.######..##..#,,#..#,,,+,,*,,#
.....# #.....#..#,,#..+,,,****###
###..#*#######..#*+#..#****,,,,..
........*****#...,,....,,,,,,,,,.
##........,,,..##.,*#...***#.####
#........,,,,,+,,,,,,,,*###.....


You could see Natasha.

Vanquished Creatures
  An ogre (D:4)
  2 orc wizards (D:4)
  Natasha (D:4)
  A worker ant (D:4)
  Robin (D:2)
  2 adders
  2 oozes
  A worm (D:2)
  2 giant geckos (D:1)
  4 orcs
  6 giant cockroaches
  6 hobgoblins
  3 jackals (D:1)
  2 quokkas
  5 bats
  2 giant newts
  14 goblins
  2 kobolds
  5 rats
62 creatures vanquished.

Notes
Turn   | Place    | Note
--------------------------------------------------------------
     0 | D:1      | Espgualade the Tengu Ice Elementalist began the quest for the Orb.
     0 | D:1      | Reached XP level 1. HP: 10/10 MP: 4/4
    37 | D:1      | Reached skill level 1 in Fighting
   166 | D:1      | Reached XP level 2. HP: 10/16 MP: 0/6
   786 | D:1      | Reached XP level 3. HP: 19/22 MP: 5/7
  1005 | D:1      | Learned a level 2 spell: Throw Frost
  1009 | D:1      | Learned a level 3 spell: Ozocubu's Armour
  1245 | D:2      | Reached skill level 3 in Fighting
  1411 | D:2      | Noticed Robin
  1421 | D:2      | Killed Robin
  1831 | D:2      | Reached XP level 4. HP: 28/28 MP: 8/8
  2606 | D:2      | Found a sparkling altar of Nemelex Xobeh.
  2869 | D:3      | Found a radiant altar of Vehumet.
  2869 | D:3      | Found a shimmering altar of Xom.
  2870 | D:3      | Found a deep blue altar of Sif Muna.
  2870 | D:3      | Found a shadowy altar of Dithmenos.
  2872 | D:3      | Found a shattered altar of Ashenzari.
  2872 | D:3      | Found a sacrificial altar of Ru.
  2873 | D:3      | Found a bloodstained altar of Trog.
  2878 | D:3      | Became a worshipper of Vehumet
  3230 | D:3      | Reached skill level 4 in Fighting
  3361 | D:3      | Found a blossoming altar of Fedhas.
  3454 | D:4      | Noticed an ogre
  3528 | D:4      | Found a sparkling altar of Nemelex Xobeh.
  3573 | D:4      | Noticed Natasha
  3580 | D:4      | Killed Natasha
  3580 | D:4      | Gained mutation: You can fly. [Tengu growth]
  3580 | D:4      | Reached XP level 5. HP: 28/34 MP: 7/9
  3681 | D:4      | Found a staircase to the Ecumenical Temple.
  3713 | Temple   | Entered the Ecumenical Temple
  4065 | D:4      | Reached skill level 5 in Fighting
  4097 | D:4      | Noticed an ogre
  4118 | D:4      | Killed an ogre
  4118 | D:4      | Reached XP level 6. HP: 21/40 MP: 1/10
  4214 | D:4      | Noticed Natasha
  4239 | D:4      | Killed from afar by Natasha

Vault maps used:
D:1:      lemuel_arrival_cross, moated_statue, hangedman_decor_slide_cut,
          glass_columns_c, hangedman_decor_lopped, interstate_on_off,
          minmay_hedge_maze, minmay_stone_trees_large
D:2:      nemelex_spade_bored_becter, uniq_robin
D:3:      fedhas_altar_fruit_tree, grunt_temple_overflow_open
D:4:      corexii_shack_village, old_standard_altar, kennysheep_little_box,
          temple_pool_b, serial_bayou_pond_c, serial_park_tiny_2, uniq_natasha
Temple:   minmay_temple_bridge_a_8

Action                   |  1- 3 |  4- 6 || total
-------------------------+-------+-------++-------
Melee: Whip              |     8 |       ||     8
       Dagger            |    47 |    79 ||   126
 Cast: Freeze            |    30 |    22 ||    52
       Ozocubu's Armour  |     1 |     2 ||     3
       Throw Frost       |       |     1 ||     1
 Abil: Fly               |       |     1 ||     1
  Use: Scroll            |       |     8 ||     8
       Potion            |       |     1 ||     1
 Stab: Sleeping          |     3 |     7 ||    10
  Eat: Chunk             |     3 |     5 ||     8
       Meat ration       |       |     1 ||     1
       Fruit             |       |     1 ||     1
